 Dungeon Crawl Stone Soup version bcrawl-1.22 (webtiles) character file.

Game seed: 3780298591968488657

1693 pasperui the Ducker (level 9, -4/72 HPs)
             Began as a Gnoll Reaver on May 13, 2020.
             Was an Elder of Vehumet.
             Shot with a sling bullet by Joseph (12 damage)
             ... on level 7 of the Dungeon.
             The game lasted 00:26:41 (6930 turns).

pasperui the Ducker (Gnoll Reaver)                  Turns: 6930, Time: 00:26:42

Health: -4/72      AC: 11    Str: 16    XL:     9   Next: 2%
Magic:  15/18      EV: 16    Int: 17    God:    Vehumet [****..]
Gold:   493        SH:  7    Dex: 14    Spells: 19/20 levels left

rFire    . . .     SeeInvis +   a - +0 long sword
rCold    . . .     Gourm    .   B - +0 buckler
rNeg     . . .     Faith    .   b - +0 steam dragon scales
rPois    .         Spirit   .   q - +0 helmet
rElec    .         Reflect  .   C - scarf {cloud immunity}
rCorr    .         Harm     .   p - +0 pair of gloves
MR       +....                  w - +2 pair of boots
Stlth    ++........             (no amulet)
HPRegen  0.22/turn              J - ring of protection from magic
MPRegen  0.16/turn              s - ring of see invisible

@: no status effects
A: distributed training, fangs 1, strong nose
a: Renounce Religion


You were on level 7 of the Dungeon.
You worshipped Vehumet.
Vehumet was greatly pleased with you.
You were not hungry.

You visited 1 branch of the dungeon, and saw 7 of its levels.
You also visited: Sewer.

You collected 493 gold pieces.

Inventory:

Hand Weapons
 a - a +0 long sword (weapon)
 G - a +0 blowgun
 Q - a +0 hunting sling
Missiles
 m - 166 arrows
 n - 962 stones (quivered)
 x - 68 poisoned needles
 z - 212 bolts
 D - 351 sling bullets
 N - 49 poisoned tomahawks
Armour
 b - +0 steam dragon scales (worn)
 h - a +0 cloak
 j - a +0 crystal plate armour
 p - a +0 pair of gloves (worn)
 q - a +0 helmet (worn)
 w - a +2 pair of boots (worn)
 B - a +0 buckler (worn)
 C - a scarf of cloud immunity (worn)
Jewellery
 s - a ring of see invisible (right hand)
 J - a ring of protection from magic (left hand)
Wands
 u - a wand of clouds (7)
 v - a wand of flame (13)
 y - a wand of polymorph (17)
 L - a wand of disintegration (21)
Scrolls
 k - 6 scrolls of identify
 l - a scroll of noise {unknown}
 o - 2 scrolls of enchant weapon {unknown}
 F - 3 scrolls of magic mapping {unknown}
 I - a scroll of teleportation {unknown}
 K - a scroll of enchant armour {unknown}
 M - 4 scrolls of remove curse
 R - a scroll of fog {unknown}
Potions
 c - a potion of haste
 d - a potion of invisibility {unknown}
 f - a potion of mutation {unknown}
 g - a potion of magic {unknown}
 i - 2 potions of berserk rage {unknown}
 r - 4 potions of brilliance {unknown}
 t - 8 potions of curing {unknown}
 A - 5 potions of agility {unknown}
 E - a potion of degeneration {unknown}
 H - a potion of heal wounds {unknown}
 O - a potion of cancellation
 P - a potion of flight {unknown}
Comestibles
 e - 8 rations {!d}


   Skills:
 + Level 7.6 Fighting
 + Level 3.7 Short Blades
 + Level 7.6 Long Blades
 + Level 3.7 Axes
 + Level 3.7 Maces & Flails
 + Level 3.7 Polearms
 + Level 3.7 Staves
 + Level 3.7 Slings
 + Level 3.7 Bows
 + Level 3.7 Crossbows
 + Level 3.7 Throwing
 + Level 3.7 Armour
 + Level 7.6 Dodging
 + Level 3.7 Stealth
 + Level 3.7 Shields
 + Level 3.7 Unarmed Combat
 + Level 6.3 Spellcasting
 + Level 3.0 Conjurations
 + Level 3.0 Hexes
 + Level 3.0 Charms
 + Level 3.0 Summonings
 + Level 3.0 Necromancy
 + Level 3.0 Translocations
 + Level 3.0 Transmutations
 + Level 3.0 Fire Magic
 + Level 3.0 Ice Magic
 + Level 3.0 Air Magic
 + Level 3.0 Earth Magic
 + Level 3.0 Poison Magic
 + Level 4.1 Invocations
 + Level 3.7 Evocations


You had 19 spell levels left.
You knew the following spells:

 Your Spells              Type           Power        Failure   Level  Hunger
a - Sting                 Conj/Pois      ###.         1%          1    None

Your spell library contained the following spells:

 Spells                   Type           Power        Failure   Level  Hunger
 Iskenderun's Mystic Bla  Conj           ###.....     3%          3    ##.....
 Iskenderun's Battlesphe  Conj/Chrm      ###.....     26%         5    #####..


Dungeon Overview and Level Annotations

Branches:
Dungeon (7/12)             Temple (0/1) D:5
   Lair: D:7-9

Altars:
Fedhas
Hepliaklqana
Makhleb
Sif Muna
Yredelemnul
Zin

Shops:
D:4 %   D:6 *(*

Annotations:
D:7 Joseph


Innate Abilities, Weirdness & Mutations

Your experience applies equally to all skills.
You have very sharp teeth.
Your uncanny sense of smell can sniff out nearby items.


Message History

Confirm with . or Enter, or press ? or * to list all spells.
Aiming: Sting (safe; 1% risk of failure)
Press: ? - help, Shift-Dir - straight line, f/p - Joseph
Aim: Joseph, wielding a +2 quarterstaff of crushing, wearing a +0 leather armour and quivering 341 sling bullets (lightly wounded, poisoned)
The sting misses Joseph.
Joseph hits you with a +2 quarterstaff of crushing.
Joseph shouts, "At last, some action!"
Joseph unwields a +2 quarterstaff of crushing.
Joseph wields a +0 hunting sling.
Joseph shoots a sling bullet.
The sling bullet hits you!
* * * LOW HITPOINT WARNING * * *
Joseph shoots a sling bullet.
The sling bullet barely misses you.
Joseph shoots a sling bullet.
The sling bullet hits you!
* * * LOW HITPOINT WARNING * * *
Joseph shoots a sling bullet.
The sling bullet misses you.
It was a potion of cancellation.
You feel magically purged.
Joseph shoots a sling bullet.
The sling bullet hits you but does no damage.
Joseph shoots a sling bullet.
The sling bullet hits you!
You die...

#..<....# ..#
#.......# ....
#.......#.....
#.......@......
#.......#......
######.......#######
#................
#...†)............
#..).)@...........
#..<...[..........
#.................
#.....#+#########+
#.....# #.>...#
#.....+ #.....#
#.$...#


You could see Joseph.

Vanquished Creatures
  A black bear (D:5)
  An orc warrior (D:6)
  3 sky beasts
  A phantom (D:6)
  An ogre (D:3)
  Blork the orc (D:4)
  A scorpion (D:6)
  A howler monkey (D:4)
  3 crimson imps
  A jelly (D:6)
  A hound (D:3)
  A bullfrog skeleton (D:4)
  6 orc priests
  An iguana (D:6)
  2 orc wizards
  Ijyb (D:4)
  3 worker ants
  7 gnolls
  5 river rats (Sewer)
  7 adders
  A shadow imp (D:6)
  An ooze (D:6)
  An adder skeleton (D:4)
  2 adder zombies (D:5)
  5 worms
  2 dart slugs
  8 leopard geckos
  23 orcs
  7 giant cockroaches
  3 goblins (D:1)
  2 hobgoblins (D:1)
  3 jackals
  5 quokkas
  7 ball pythons
  3 frilled lizards
  27 kobolds
  22 rats
170 creatures vanquished.

Notes
Turn   | Place    | Note
-------+----------+-------------------------------------------
     0 | D:1      | pasperui the Gnoll Reaver began the quest for the Orb.
     0 | D:1      | Reached XP level 1. HP: 23/23 MP: 6/6
   156 | D:1      | Reached XP level 2. HP: 23/29 MP: 7/7
   673 | D:1      | Reached XP level 3. HP: 35/35 MP: 9/9
   750 | D:1      | Reached skill level 5 in Spellcasting
  1458 | D:3      | Reached * piety under Vehumet
  1458 | D:3      | Offered knowledge of Sting by Vehumet.
  1460 | D:3      | Reached skill level 1 in Invocations
  1485 | D:2      | Learned a level 1 spell: Sting
  1781 | D:3      | Reached skill level 1 in Short Blades
  1781 | D:3      | Reached skill level 1 in Axes
  1781 | D:3      | Reached skill level 1 in Maces & Flails
  1781 | D:3      | Reached skill level 1 in Polearms
  1781 | D:3      | Reached skill level 1 in Staves
  1781 | D:3      | Reached skill level 1 in Slings
  1781 | D:3      | Reached skill level 1 in Bows
  1781 | D:3      | Reached skill level 1 in Crossbows
  1781 | D:3      | Reached skill level 1 in Throwing
  1781 | D:3      | Reached skill level 1 in Armour
  1781 | D:3      | Reached skill level 1 in Stealth
  1781 | D:3      | Reached skill level 1 in Shields
  1781 | D:3      | Reached skill level 1 in Unarmed Combat
  1781 | D:3      | Reached skill level 1 in Evocations
  1781 | D:3      | Reached XP level 4. HP: 39/41 MP: 11/11
  1871 | D:3      | Reached skill level 1 in Conjurations
  1871 | D:3      | Reached skill level 1 in Hexes
  1871 | D:3      | Reached skill level 1 in Charms
  1871 | D:3      | Reached skill level 1 in Summonings
  1871 | D:3      | Reached skill level 1 in Necromancy
  1871 | D:3      | Reached skill level 1 in Translocations
  1871 | D:3      | Reached skill level 1 in Transmutations
  1871 | D:3      | Reached skill level 1 in Fire Magic
  1871 | D:3      | Reached skill level 1 in Ice Magic
  1871 | D:3      | Reached skill level 1 in Air Magic
  1871 | D:3      | Reached skill level 1 in Earth Magic
  1871 | D:3      | Reached skill level 1 in Poison Magic
  1871 | D:3      | Reached XP level 5. HP: 40/47 MP: 5/12
  2003 | D:3      | Found a glowing silver altar of Zin.
  2100 | D:3      | Found a blossoming altar of Fedhas.
  2179 | D:3      | Noticed an ogre
  2203 | D:3      | Killed an ogre
  2203 | D:3      | Reached XP level 6. HP: 31/53 MP: 5/14
  2800 | D:3      | Reached ** piety under Vehumet
  2854 | D:4      | Offered knowledge of Searing Ray by Vehumet.
  2918 | D:4      | Noticed Blork the orc
  2932 | D:4      | Killed Blork the orc
  2990 | D:4      | Noticed Ijyb
  3012 | D:4      | Killed Ijyb
  3012 | D:4      | Reached XP level 7. HP: 54/59 MP: 2/15
  3178 | D:4      | Found a glowing drain.
  3199 | Sewer    | Entered a sewer
  3407 | Sewer    | Offered knowledge of Conjure Flame by Vehumet.
  3534 | Sewer    | Reached *** piety under Vehumet
  3745 | Sewer    | Offered knowledge of Iskenderun's Mystic Blast by Vehumet.
  3954 | D:4      | Found Sonorop's Food Shoppe.
  4749 | D:5      | Entered Level 5 of the Dungeon
  4903 | D:5      | Reached XP level 8. HP: 33/67 MP: 11/16
  4923 | D:5      | Found a burning altar of Makhleb.
  5477 | D:5      | Found a staircase to the Ecumenical Temple.
  5601 | D:6      | Found Oxunuoqo's General Store.
  5617 | D:6      | Found a shimmering blue altar of Sif Muna.
  5985 | D:6      | Found a blossoming altar of Fedhas.
  5987 | D:6      | Found a basalt altar of Yredelemnul.
  5988 | D:6      | Found a hazy altar of Hepliaklqana.
  6232 | D:6      | Reached **** piety under Vehumet
  6564 | D:6      | Found Ifawowuryu's General Store.
  6604 | D:6      | Found Ybaty's Weapon Shoppe.
  6778 | D:7      | Reached XP level 9. HP: 66/72 MP: 13/18
  6918 | D:7      | Noticed Joseph
  6930 | D:7      | Shot with a sling bullet by Joseph

Skill      XL: |  1  2  3  4  5  6  7  8 |
---------------+-------------------------+-----
Spellcasting   | 5 6 |  6.3
Invocations    | 1 2 3 4 |  4.1
Short Blades   | 1 2 3 |  3.7
Axes           | 1 2 3 |  3.7
Maces & Flails | 1 2 3 |  3.7
Polearms       | 1 2 3 |  3.7
Staves         | 1 2 3 |  3.7
Slings         | 1 2 3 |  3.7
Bows           | 1 2 3 |  3.7
Crossbows      | 1 2 3 |  3.7
Throwing       | 1 2 3 |  3.7
Armour         | 1 2 3 |  3.7
Stealth        | 1 2 3 |  3.7
Shields        | 1 2 3 |  3.7
Unarmed Combat | 1 2 3 |  3.7
Evocations     | 1 2 3 |  3.7
Conjurations   | 1 2 3 |  3.0
Hexes          | 1 2 3 |  3.0
Charms         | 1 2 3 |  3.0
Summonings     | 1 2 3 |  3.0
Necromancy     | 1 2 3 |  3.0
Translocations | 1 2 3 |  3.0
Transmutations | 1 2 3 |  3.0
Fire Magic     | 1 2 3 |  3.0
Ice Magic      | 1 2 3 |  3.0
Air Magic      | 1 2 3 |  3.0
Earth Magic    | 1 2 3 |  3.0
Poison Magic   | 1 2 3 |  3.0
Fighting       | 7 |  7.6
Long Blades    | 7 |  7.6
Dodging        | 7 |  7.6

Action                   |  1- 3 |  4- 6 |  7- 9 || total
-------------------------+-------+-------+-------++-------
Melee: Long sword        |   131 |   102 |   260 ||   493
       Bite              |    11 |     9 |    26 ||    46
       Punch             |       |     1 |       ||     1
 Cast: Sting             |       |    58 |   175 ||   233
  Use: Scroll            |       |     2 |     1 ||     3
       Potion            |       |       |     2 ||     2
 Stab: Sleeping          |       |     3 |     4 ||     7
  Eat: Ration            |     1 |       |       ||     1
       Chunk             |       |     3 |    13 ||    16
Armor: Steam dragon scal |     2 |    24 |    76 ||   102
       Crystal plate arm |    75 |     4 |       ||    79
Dodge: Dodged            |    18 |    70 |   214 ||   302
Block: Other             |     2 |     3 |       ||     5
       Buckler           |       |     9 |    99 ||   108
